 Dungeon Crawl Stone Soup version 0.31-a0-1009-g454b1f1e0a (webtiles) character file.

Game seed: 4443704652958889114

430 Amplified the Shield-Bearer (level 6, 0/49 HPs)
             Began as a Vine Stalker Fighter on Nov 15, 2023.
             Slain by a hornet (9 damage)
             ... on level 5 of the Dungeon.
             The game lasted 00:07:20 (2018 turns).

Amplified the Shield-Bearer (Vine Stalker Fighter)  Turns: 2018, Time: 00:07:21

Health: 0/49       AC: 23    Str: 20    XL:     6   Next: 99%
Magic:  0/11       EV:  2    Int: 10    God:
Gold:   246        SH:  8    Dex: 14    Spells: 10/10 levels left

rFire   + . .        h - +9 spear "Xicza" {freeze, Int+2}
rCold   + . .        c - +3 buckler
rNeg    . . .        b - melded +0 scale mail
rPois   +            (helmet currently unavailable)
rElec   +            (cloak currently unavailable)
rCorr   +            (gloves currently unavailable)
SInv    .            i - melded +0 pair of boots
Will    .....        m - amulet of faith
Stlth   +            (no ring)
HPRegen 1.08/turn    (no ring)
MPRegen 0.12/turn

%: guardian spirit, faith
@: mighty, brilliant, tree-form, resistant, hasted, very quick
A: stationary, stasis, torment immunity, boosted hp, (fangs 2), regeneration 1,
magic shield, (antimagic bite), no potion heal 2
a: no special abilities


You were on level 5 of the Dungeon.
You were a tree.
You visited 1 branch of the dungeon, and saw 5 of its levels.

You collected 246 gold pieces.

Inventory:

Hand Weapons
 h - the +9 spear "Xicza" (weapon) {freeze, Int+2}
   (You found it on level 2 of the Dungeon)

   Int+2:     It affects your intelligence (+2).
Missiles
 f - 9 poisoned darts
Armour
 b - a +0 scale mail (melded)
 c - a +3 buckler (worn)
 i - a +0 pair of boots (melded)
Jewellery
 m - an amulet of faith (around neck)
 n - an amulet of guardian spirit
Scrolls
 a - a scroll of vulnerability
 l - 2 scrolls of enchant weapon
 q - 2 scrolls of identify
 r - a scroll of brand weapon
Potions
 e - 2 potions of attraction
 g - a potion of haste
 j - a potion of resistance


   Skills:
 * Level 3.9 Fighting
 - Level 1.9 Maces & Flails
 * Level 2.5 Polearms
 + Level 3.1 Armour
 * Level 4.0 Shields
 * Level 2.9 Spellcasting


You had 10 spell levels left.
You didn't know any spells.
Your spell library contained the following spells:

 Spells                   Type           Power      Damage    Failure   Level
 Necrotise                Necr           8%         1d4       34%         1
 Inner Flame              Hex/Fire       2%         N/A       71%         3
 Vampiric Draining        Necr           2%         2d6       71%         3
 Flame Wave               Conj/Fire      2%         2d4       98%         4
 Sticky Flame             Conj/Fire      2%         2d3       98%         4
 Agony                    Necr           2%         N/A       100%        5


Dungeon Overview and Level Annotations

Branches:
Dungeon (5/15)
 Temple: D:4-7

Altars:
Fedhas
Makhleb
Trog
The Shining One

Annotations:
D:5 Check D:4


Innate Abilities, Weirdness & Mutations

You are a tree.
Your roots penetrate the ground, keeping you stationary.
You cannot be teleported.
You are immune to unholy pain and torment.
Your maximum health is greatly increased.
Your equipment is partially melded.
((You have extremely sharp teeth.))
Your natural rate of healing is unusually fast.
When hurt, damage is shared between your health and your magic reserves.
((Your bite disrupts and absorbs the magic of your enemies.))
Potions cannot restore your health.


Message History

Unknown command.
It was a potion of resistance.
You feel protected. The hornet stings you!
You aren't carrying any items that you can evoke.
Unknown command.
Okay, then.
It was a potion of curing.
That felt strangely inert.
The hornet stings you!
* * * LOW HITPOINT WARNING * * *
You feel yourself slow down.
Unknown command.
It was a potion of brilliance.
You feel clever all of a sudden.
You feel yourself speed up. The hornet barely misses you.
Unknown command.
It was a potion of lignification.
You turn into a tree.
Your +0 pair of boots melds into your body.
Your +0 scale mail melds into your body.
Your roots penetrate the ground.
The hornet barely misses you.
Unknown command.
Okay, then.
You hit the hornet. You freeze the hornet.
The hornet is moderately wounded.
The hornet stings you but does no damage. x2
Unknown command.
Unknown command.
You hit the hornet. You freeze the hornet.
The hornet is heavily wounded.
Unknown command.
Unknown command.
You miss the hornet.
The hornet is heavily wounded.
You hear the slow rusting of a very distant drain.
The hornet stings you!
* * * LOW HITPOINT WARNING * * *
Unknown command.
Unknown command.
You feel very mighty all of a sudden. The hornet stings you!
You die...

# #.#####†# ## ..
#.......#######. #.
#.#.............
#..#####.#.###########.
#..........# ##
#.......#....# #
#.#.#.##...#...#######
#.###.##.#........ #♣#
.# . ####### #y# .# # #
####...cw...# #
...#.<..##### #
.$.#..#.# # _..+..#.# #
.$ #..#.# ######## .
.#. #.# ........ ###.
#.. .#######


You could see a hornet, a centaur and a worm.

Vanquished Creatures
  2 phantoms
  2 orc priests
  2 iguanas (D:5)
  A sleepcap (D:5)
  6 adders
  3 worms
  2 dart slugs
  7 orcs
  7 ball pythons
  5 bats
  6 endoplasms
  2 giant cockroaches
  7 goblins
  3 hobgoblins
  7 jackals
  A quokka (D:4)
  2 frilled lizards
  8 kobolds
  3 rats
76 creatures vanquished.

Notes
Turn   | Place    | Note
-------+----------+-------------------------------------------
     0 | D:1      | Amplified the Vine Stalker Fighter began the quest for the
                  | Orb.
     0 | D:1      | Reached XP level 1. HP: 11/11 MP: 2/2
    72 | D:1      | You fall into a shaft and drop 1 floor!
   108 | D:2      | Reached XP level 2. HP: 13/16 MP: 3/3
   146 | D:2      | Identified the +9 spear "Xicza" {freeze, Int+2}
   358 | D:1      | Reached skill level 3 in Shields
   358 | D:1      | Reached XP level 3. HP: 19/19 MP: 4/4
   445 | D:1      | Reached skill level 1 in Spellcasting
   870 | D:3      | Reached skill level 1 in Polearms
   892 | D:3      | Reached XP level 4. HP: 24/24 MP: 6/6
   956 | D:3      | Found a burning altar of Makhleb.
  1122 | D:3      | Reached XP level 5. HP: 24/28 MP: 6/8
  1258 | D:3      | Found a glowing golden altar of the Shining One.
  1406 | D:3      | Identified the +1 trident "Oblamusy" {heavy, MP-9 Int-5
                  | Dex+8 SInv}
  1748 | D:4      | Found a bloodstained altar of Trog.
  1766 | D:4      | Noticed a phantom
  1773 | D:4      | Killed a phantom
  1774 | D:4      | Reached XP level 6. HP: 32/32 MP: 10/10
  1813 | D:5      | Entered Level 5 of the Dungeon
  1873 | D:5      | Reached skill level 4 in Shields
  2005 | D:5      | Noticed a hornet
  2006 | D:5      | Found a blossoming altar of Fedhas.
  2018 | D:5      | Slain by a hornet

Illustrated notes

Levels and vault maps discovered:
D:1:      heliophobic_arrival_ceremonial_halls, layout_rooms, chequers_avenue
D:2:      wad_pebble_path, layout_basic, hex_medium
D:3:      layout_basic, mainiacjoe_overflow_cross_hatched, lemuel_crystal_altar,
          chequers_serial_rivers_room_a
D:4:      layout_rooms, mainiacjoe_overflow_small_starburst
D:5:      layout_loops_ring, amcnicky_altar_gilded, gup_sewer_entry_bowl

Skill      XL: |  1  2  3  4  5  6 |
---------------+-------------------+-----
Shields        | 3 4 |  4.0
Fighting       | 3 |  3.9
Spellcasting   | 1 2 |  2.9
Polearms       | 1 2 |  2.5
Armour         | 3 |  3.1
Maces & Flails | |  1.9

Action                     |  1- 3 |  4- 6 || total
---------------------------+-------+-------++-------
  Melee: Flail             |    14 |       ||    14
         Spear             |    48 |    93 ||   141
         Bite              |    10 |    14 ||    24
    Use: Scroll            |     6 |     5 ||    11
         Potion            |       |     6 ||     6
 Armour: Scale mail        |    37 |    37 ||    74
         Skin              |       |     4 ||     4
  Dodge: Dodged            |    25 |    23 ||    48
  Block: Buckler           |    20 |    16 ||    36

Table legend: (Time is in decaauts)
 A = Elapsed time spent in this place.
 B = Non-inter-level travel time spent in this place.
 C = Inter-level travel time spent in this place.
 D = Time resting spent in this place.
 E = Time spent auto-exploring this place.
 F = Levels seen in this place.
 G = Mean time per level.
                   A        B        C        D        E       F      G
               +--------+--------+--------+--------+--------+-----+--------+
         Total |   2027 |   1917 |    110 |    100 |    162 |   5 |  405.4 |
       Dungeon |   2027 |   1917 |    110 |    100 |    162 |   5 |  405.4 |
               +--------+--------+--------+--------+--------+-----+--------+

Top non-repeatable levels by time:
     D:3: 711 daAuts
     D:2: 535 daAuts
     D:1: 335 daAuts
     D:4: 243 daAuts
     D:5: 202 daAuts
